Map: [ESL] Moondance

Players

ShoWTimE - Winner!

  • Race: Protoss Protoss
  • League: Master
  • Spawn Location: 6:00

Spirit (souL)

  • Race: Terran Terran
  • League: Master
  • Spawn Location: 12:00

VOD

Have the link to the VOD?

Description

Time

  • Played on: Oct. 23, 2022, 10:44 p.m.
  • Length: 20:26
Show
View Real Time Build Order
Export as new Build Order

ShoWTimE Protoss - Winner!

Build Orders: 1 Gate Expand, Blink Stalkers 

Get SALT Encoding   

  12  0:00  Probe  
  13  0:12  Probe  
  14  0:16  Pylon  
  14  0:24  Probe (Chrono Boost)  
  15  0:35  Gateway  
  15  0:36  Probe (Chrono Boost)  
  16  0:45  Probe (Chrono Boost)  
  16  0:46  Assimilator  
  17  0:51  Probe  
  18  1:03  Probe  
  19  1:15  Probe  
  20  1:29  Cybernetics Core  
  20  1:36  Nexus  
  20  1:44  Pylon  
  20  1:45  Probe  
  21  1:51  Assimilator  
  21  1:58  Probe  
  22  2:02  Adept (Chrono Boost)  
  22  2:05  Warp Gate  
  24  2:10  Probe  
  25  2:22  Probe  
  26  2:23  Stalker (Chrono Boost)  
  28  2:34  Probe  
  28  2:36  Twilight Council  
  29  2:47  Gateway  
  29  2:48  Probe (Chrono Boost)  
  31  2:51  Probe (Chrono Boost)  
  31  2:57  Probe (Chrono Boost)  
  32  3:00  Probe (Chrono Boost)  
  32  3:02  Probe (Chrono Boost)  
  34  3:07  Blink (Chrono Boost)  
  34  3:10  Probe  
  35  3:14  Probe  
  36  3:22  Robotics Facility, Probe  
  36  3:26  Probe  
  36  3:35  Probe  
  36  3:38  Probe  
  36  3:39  Gateway  
  36  3:41  Gateway  
  38  3:47  Probe  
  39  3:51  Probe  
  39  3:53  Stalker x2  
  44  3:57  Pylon  
  45  4:06  Warp Prism (Chrono Boost)  
  45  4:09  Pylon  
  46  4:17  Stalker x2  
  46  4:21  Assimilator  
  46  4:22  Probe x2  
  52  4:38  Stalker x2  
  56  4:40  Stalker x2  
  60  4:46  Probe  
  60  4:47  Probe  
  62  5:03  Assimilator  
  62  5:07  Pylon  
  62  5:22  Nexus  
  62  5:25  Probe x2  
  64  5:30  Robotics Bay  
  64  5:31  Forge  
  64  5:32  Stalker x3  
  70  5:37  Pylon  
  70  5:41  Pylon  
  70  5:50  Probe x2 (Chrono Boost)  
  66  6:03  Probe x2 (Chrono Boost), Gateway  
  66  6:04  Protoss Ground Weapons Level 1 (Chrono Boost)  
  66  6:11  Gateway  
  68  6:12  Probe x2 (Chrono Boost)  
  68  6:13  Sentry  
  68  6:14  Colossus (Chrono Boost)  
  68  6:17  Probe x2  
  76  6:19  Charge  
  78  6:26  Zealot  
  78  6:29  Probe x2  
  78  6:31  Pylon  
  78  6:32  Zealot  
  84  6:33  Zealot  
  84  6:36  Probe  
  87  6:41  Probe x2  
  89  6:48  Probe  
  89  6:52  Colossus (Chrono Boost)  
  89  6:53  Probe x2  
  92  6:54  Shield Battery  
  92  7:00  Probe  
  99  7:05  Zealot x4  
  107  7:09  Pylon  
  107  7:13  Probe  
  108  7:15  Probe  
  108  7:19  Pylon  
  108  7:22  Templar Archives  
  109  7:25  Extended Thermal Lance (Chrono Boost)  
  109  7:27  Probe x2  
  109  7:28  Colossus, Probe  
  112  7:37  Assimilator  
  112  7:41  Probe, Assimilator, Pylon  
  112  7:43  Probe  
  112  7:44  Pylon  
  120  7:52  Pylon  
  120  7:53  Forge  
  120  7:54  Pylon  
  120  8:00  Photon Cannon  
  120  8:01  Zealot x4  
  128  8:07  Photon Cannon  
  128  8:08  Protoss Ground Weapons Level 2 (Chrono Boost)  
  128  8:10  Photon Cannon  
  128  8:23  Nexus  
  128  8:30  Probe x3  
  128  8:33  Pylon  
  125  8:35  Photon Cannon  
  125  8:42  Probe  
  125  8:45  Probe x2  
  125  8:48  Photon Cannon  
  126  8:51  Protoss Ground Armor Level 1 (Chrono Boost)  
  126  8:54  Observer (Chrono Boost)  
  127  8:57  Probe x2  
  127  8:58  Gravitic Drive (Chrono Boost)  
  129  9:03  High Templar x5  
  129  9:04  Probe  
  129  9:08  Archon x2  
  129  9:09  Probe, High Templar  
  143  9:15  Archon, Probe  
  143  9:16  Probe  
  145  9:18  Disruptor (Chrono Boost)  
  146  9:30  Pylon  
  146  9:32  Assimilator  
  146  9:35  Zealot x3  
  146  9:36  Zealot  
  154  9:41  Gateway  
  154  9:44  Gateway  
  154  9:45  Gateway  
  154  9:46  Probe x3  
  154  9:48  Gateway  
  154  9:51  Disruptor (Chrono Boost)  
  157  9:54  Robotics Facility  
  157  9:58  Stalker x2  
  162  10:02  Pylon  
  162  10:09  Zealot x4  
  162  10:14  Probe  
  169  10:15  Probe  
  169  10:18  Disruptor (Chrono Boost)  
  169  10:21  Protoss Ground Weapons Level 3 (Chrono Boost)  
  163  10:32  Nexus  
  155  10:41  Probe  
  155  10:42  Probe x3  
  159  10:46  Disruptor, Zealot x7  
  176  10:52  Protoss Ground Armor Level 2 (Chrono Boost), Zealot x3  
  182  10:57  Protoss Air Weapons Level 1  
  182  11:03  Probe x4  
  184  11:18  Stargate  
  184  11:20  Disruptor (Chrono Boost)  
  184  11:21  Disruptor (Chrono Boost)  
  184  11:31  Photon Cannon  
  184  11:33  Zealot, Photon Cannon  
  186  11:44  Photon Cannon  
  186  11:46  Zealot x7  
  200  11:53  Nexus  
  200  11:55  Pylon  
  200  11:56  Observer  
  154  12:09  Disruptor (Chrono Boost)  
  154  12:13  Stalker x4  
  154  12:14  Stalker x6  
  164  12:18  Disruptor (Chrono Boost)  
  164  12:25  Fleet Beacon  
  164  12:29  Stargate  
  164  12:35  Stargate  
  164  12:37  Disruptor  
  166  12:46  Stalker x3  
  166  12:47  Zealot x6, Stalker  
  180  13:07  Zealot x4  
  180  13:09  Zealot x5  
  196  13:14  Protoss Shields Level 1  
  196  13:15  Protoss Ground Armor Level 3  
  194  13:20  Zealot  
  194  13:23  Protoss Air Weapons Level 2 (Chrono Boost)  
  196  13:40  Tempest (Chrono Boost)  
  197  13:46  Psionic Storm  
  197  13:49  Tempest (Chrono Boost)  
  192  14:02  Tempest (Chrono Boost)  
  192  14:09  Assimilator  
  195  14:11  Pylon  
  195  14:12  Probe, Assimilator  
  195  14:13  Probe x2  
  195  14:14  Shield Battery  
  182  14:17  Shield Battery  
  182  14:19  Zealot x6  
  182  14:20  Zealot  
  182  14:21  Zealot x3  
  194  14:34  Photon Cannon  
  194  14:36  Photon Cannon  
  194  14:37  Photon Cannon  
  184  14:39  Shield Battery, Tempest x2 (Chrono Boost)  
  184  14:41  Shield Battery  
  184  14:45  High Templar x2, Pylon  
  189  14:49  Tempest (Chrono Boost)  
  193  14:55  Nexus  
  191  15:01  Nexus  
  191  15:15  Oracle  
  191  15:18  High Templar x2  
  195  15:30  Stalker x3  
  188  15:42  Zealot x5  
  177  15:54  Zealot x5  
  165  16:11  Zealot x2  
  165  16:12  Zealot x3  
  165  16:17  Tempest x3  
  177  16:28  Stalker x5  
  177  16:29  Probe x5  
  190  16:36  Zealot x3  
  190  16:39  Nexus  
  196  16:41  Probe  
  196  16:43  Zealot x2  
  181  16:57  Zealot x2, High Templar x2  
  181  16:58  Zealot x4  
  197  17:02  Pylon  
  197  17:17  Probe  
  197  17:20  High Templar  
  200  17:27  Nexus  
  197  17:40  Observer  
  198  17:46  Nexus  
  198  17:47  Nexus  
  196  17:52  Oracle  
  196  17:58  Pylon  
  199  18:03  Gravitic Boosters (Chrono Boost)  
  199  18:04  Observer  
  200  18:12  Pylon  
  200  18:17  Shield Battery  
  200  18:19  Shield Battery  
  200  18:20  Shield Battery  
  200  18:22  Shield Battery, Pylon  
  200  18:24  Shield Battery  
  191  18:27  Photon Cannon  
  191  18:28  Photon Cannon  
  191  18:41  Photon Cannon  
  191  18:43  Photon Cannon x2  
  191  18:45  Photon Cannon  
  191  18:46  Shield Battery  
  188  18:50  High Templar x4  
  179  19:09  Disruptor x2  
  170  19:13  Stalker x6  
  182  19:32  Archon, Stalker  
  182  19:33  Stalker x3  
  189  19:40  Zealot x5  
  189  19:41  Archon  
  189  19:42  Unknown  
  189  19:44  Disruptor  
  198  20:01  Zealot  
Show
View Real Time Build Order
Export as new Build Order

Spirit Terran 

Build Orders:  

Get SALT Encoding   

  12  0:00  SCV  
  13  0:12  SCV  
  14  0:17  Supply Depot  
  14  0:24  SCV  
  15  0:38  SCV  
  15  0:40  Barracks  
  16  0:51  SCV  
  16  0:52  Refinery  
  17  1:03  SCV  
  18  1:07  Engineering Bay  
  18  1:15  SCV  
  19  1:28  Marine  
  19  1:29  Orbital Command  
  20  1:44  Command Center  
  20  1:47  Barracks Reactor  
  20  1:56  SCV  
  20  1:59  Supply Depot  
  21  2:08  SCV  
  22  2:15  Factory  
  22  2:20  SCV  
  23  2:25  Marine x2  
  23  2:28  Bunker  
  25  2:32  SCV  
  26  2:44  SCV  
  27  2:58  Orbital Command  
  27  2:59  Command Center  
  27  3:01  Factory Tech Lab  
  27  3:04  Marine  
  28  3:07  Marine  
  29  3:17  SCV  
  30  3:20  Cyclone  
  30  3:24  SCV  
  30  3:25  Supply Depot  
  34  3:28  Marine  
  34  3:29  SCV  
  34  3:33  Marine  
  36  3:37  SCV  
  37  3:41  SCV  
  37  3:45  Marine  
  39  3:48  Barracks  
  39  3:49  SCV  
  39  3:51  Marine  
  39  3:53  SCV, Siege Tank  
  45  3:59  Supply Depot  
  45  4:01  SCV  
  46  4:03  Marine  
  46  4:06  SCV  
  46  4:07  Refinery  
  48  4:13  SCV  
  48  4:16  Supply Depot  
  49  4:18  Engineering Bay, SCV  
  49  4:19  Marine  
  49  4:21  Marine  
  52  4:25  SCV  
  52  4:28  Orbital Command  
  52  4:30  SCV  
  53  4:32  Siege Tank  
  53  4:37  Barracks Tech Lab  
  53  4:38  SCV  
  57  4:43  Marine  
  57  4:44  Bunker, Marine  
  57  4:45  SCV  
  60  4:51  Barracks  
  60  4:52  SCV  
  60  4:57  Marine  
  58  5:00  Stimpack  
  58  5:01  Marine  
  58  5:02  Marine  
  60  5:10  SCV  
  60  5:15  Marine  
  60  5:18  Siege Tank  
  60  5:19  Marine  
  60  5:20  SCV, Marine  
  67  5:23  SCV, Refinery  
  67  5:24  Refinery  
  67  5:28  SCV  
  69  5:33  SCV, Marine  
  71  5:36  SCV  
  71  5:39  Barracks Tech Lab  
  71  5:41  Supply Depot x2, SCV  
  73  5:45  SCV  
  73  5:48  Starport  
  72  5:51  SCV  
  72  5:53  SCV  
  73  5:57  SCV  
  73  6:04  SCV, Combat Shield  
  75  6:06  SCV  
  75  6:09  SCV  
  77  6:14  Barracks  
  77  6:15  Barracks, Factory Reactor  
  77  6:16  SCV  
  77  6:18  SCV  
  79  6:21  SCV  
  79  6:24  Refinery, Terran Infantry Weapons Level 1  
  80  6:26  Engineering Bay  
  80  6:27  Starport Reactor  
  80  6:28  SCV  
  80  6:29  Supply Depot  
  80  6:30  SCV  
  82  6:33  SCV  
  83  6:40  SCV  
  83  6:42  SCV  
  83  6:45  SCV  
  83  6:47  Marine  
  83  6:48  Marauder  
  83  6:53  Terran Infantry Armor Level 1  
  83  6:54  SCV  
  87  6:55  Command Center, Widow Mine, Marauder  
  87  6:59  Widow Mine  
  92  7:01  Marine  
  92  7:05  Marine  
  92  7:07  Medivac  
  92  7:08  Medivac  
  98  7:09  Concussive Shells, Marauder  
  98  7:10  SCV  
  98  7:13  SCV  
  98  7:15  Barracks Reactor, SCV, Barracks Tech Lab  
  101  7:19  Supply Depot  
  101  7:20  Supply Depot  
  102  7:22  SCV  
  102  7:25  SCV  
  102  7:27  SCV  
  102  7:29  Widow Mine x2  
  107  7:30  Armory  
  107  7:36  SCV, Marine  
  109  7:40  Medivac  
  111  7:45  Marine  
  111  7:46  Marauder x2, Marine  
  111  7:50  SCV, Medivac, Widow Mine x2  
  111  7:51  SCV  
  125  7:54  Marine  
  125  7:59  SCV  
  125  8:03  Supply Depot  
  125  8:04  Supply Depot, Marauder  
  128  8:06  Ghost Academy, Marine  
  128  8:08  SCV  
  128  8:09  SCV, Marine  
  128  8:11  Marauder  
  128  8:12  Marine  
  135  8:17  Marine  
  135  8:18  SCV  
  137  8:22  Widow Mine x2  
  137  8:23  SCV  
  142  8:29  Marine  
  142  8:30  Marine  
  73  8:34  Viking x2  
  140  8:38  Ghost  
  140  8:39  Planetary Fortress  
  140  8:41  SCV  
  147  8:43  Refinery  
  147  8:45  SCV  
  147  8:46  Refinery  
  146  8:59  Terran Infantry Weapons Level 2, Terran Infantry Armor Level 2  
  146  9:01  SCV  
  147  9:05  Marauder, Marine  
  147  9:09  Viking  
  150  9:10  Marine  
  150  9:15  SCV x2  
  150  9:16  SCV  
  154  9:23  Sensor Tower, Marauder, Marine x3  
  154  9:24  Missile Turret, Marauder  
  159  9:26  Marine  
  159  9:27  Marine  
  161  9:33  Terran Ship Weapons Level 1  
  161  9:36  Barracks  
  161  9:37  Fusion Core, Starport, Barracks x2  
  161  9:41  Marine x2  
  161  9:45  Command Center  
  163  9:50  Supply Depot, Marauder  
  163  9:51  Supply Depot  
  163  9:52  Marine  
  167  9:53  Marauder  
  167  9:55  Ghost  
  168  10:00  Viking x2  
  168  10:06  Missile Turret  
  172  10:11  SCV, Marine, Ghost  
  172  10:13  Ghost  
  172  10:14  SCV  
  170  10:22  SCV  
  170  10:25  Ghost  
  170  10:27  SCV  
  170  10:28  SCV x2  
  170  10:34  SCV  
  171  10:36  Barracks Tech Lab x3  
  171  10:39  SCV, Starport Reactor  
  171  10:40  Ghost  
  171  10:41  SCV  
  175  10:44  SCV  
  175  10:46  Marauder, Marine  
  175  10:47  Advanced Ballistics  
  179  10:51  Marine  
  179  10:52  SCV  
  179  10:53  Refinery  
  179  10:54  Marauder  
  179  10:57  Marine  
  184  11:05  Liberator  
  184  11:06  Liberator  
  187  11:11  Marauder, Marine  
  187  11:14  Marine  
  187  11:18  Marauder, Marine  
  194  11:20  Liberator  
  194  11:22  Medivac  
  197  11:26  Command Center  
  197  11:30  Missile Turret  
  197  11:31  Terran Ship Weapons Level 2  
  197  11:32  SCV x3  
  199  12:01  SCV  
  190  12:03  Marine x5  
  190  12:07  Marine  
  188  12:33  Command Center  
  188  12:38  Liberator, Marine  
  188  12:41  Liberator x2  
  196  12:45  Missile Turret  
  196  12:46  Sensor Tower, Marauder, Marine  
  197  12:53  Marauder, Marine  
  197  12:57  Liberator  
  199  13:02  Marine  
  199  13:05  Planetary Fortress  
  200  13:12  Marauder  
  200  13:24  Terran Infantry Armor Level 3  
  200  13:25  Starport  
  200  13:30  Liberator  
  200  13:31  Orbital Command  
  200  13:38  Command Center  
  199  13:47  Terran Vehicle And Ship Armor Level 1  
  191  13:59  Liberator  
  191  14:02  Starport Reactor  
  187  14:06  Medivac  
  187  14:08  Refinery  
  186  14:10  Refinery, Command Center  
  186  14:14  Marine  
  186  14:15  Marauder  
  182  14:18  Marine  
  182  14:20  Marine  
  176  14:30  Marauder x2, Marine  
  168  14:34  Marine  
  168  14:37  Marine  
  167  14:38  Marine  
  167  14:39  Marauder x4  
  175  14:48  Liberator  
  175  14:49  Liberator x4  
  175  14:51  Marauder x2  
  194  14:56  Enhanced Shockwaves  
  194  15:00  Marauder x3  
  188  15:09  Marine  
  186  15:19  SCV x4  
  186  15:21  SCV, Command Center  
  192  15:24  Marine  
  199  15:41  Marine  
  189  15:52  Viking x6  
  182  16:01  Terran Infantry Weapons Level 3  
  176  16:22  Viking x3  
  178  16:28  Marine  
  168  16:33  Viking x2  
  151  16:56  SCV x3  
  152  17:01  Liberator  
  152  17:02  Liberator x3, Ghost x2  
  152  17:03  Marine  
  152  17:04  Marine x7  
  170  17:11  SCV  
  170  17:12  SCV x3  
  174  17:16  Planetary Fortress  
  174  17:18  SCV  
  174  17:20  SCV  
  174  17:21  Medivac, Marine x2  
  174  17:22  Medivac  
  182  17:23  SCV  
  182  17:24  SCV  
  182  17:26  SCV x2  
  186  17:30  SCV  
  186  17:35  SCV  
  185  17:40  Marine  
  185  17:41  Marauder  
  183  17:45  Ghost  
  183  17:46  Ghost  
  189  17:59  Viking  
  189  18:00  Viking x3  
  189  18:02  SCV x5  
  194  18:14  SCV x4  
  194  18:19  Refinery  
  192  18:28  Medivac  
  192  18:30  Viking  
  192  18:31  Viking x3  
  193  18:41  Viking  
  193  18:44  SCV x4  
  193  18:45  SCV, Missile Turret  
  162  19:04  Marauder, Marine  
  162  19:06  Marauder, Marine x7  
  163  19:15  Liberator  
  163  19:16  Liberator x3  
  165  19:19  Liberator  
  165  19:22  Marine  
  165  19:23  Ghost  
  165  19:24  Marine x4  
  170  19:28  Marauder, Marine  
  177  19:34  Marine  
  177  19:37  Marine  
  172  19:43  Marauder, Marine  
  166  19:46  Marauder, Marine  
  166  19:50  Marauder, Marine  
  166  19:51  Command Center, Marine  
  169  19:53  Marauder x2  
  169  19:55  Marine  
  157  20:01  Marine  
  157  20:04  Marine  
  157  20:05  Marauder  
  155  20:07  Marine  
  155  20:08  Marine  
Tags
 
Add a new tag
Caveats
  • Supply blocks, unpowered buildings, or Contaminate may cause inaccurate times.
  • Supply counts are checked every 10 seconds.